 Dungeon Crawl Stone Soup version 0.31.0-12-g77e489cdc1 (webtiles) character file.

Game seed: 5847471003445431396

809 SquickWick the Trooper (level 7, -1/52 HPs)
             Began as an Octopode Fighter on Feb 19, 2024.
             Slain by a centaur
             ... wielding a +0 hand axe
              (8 damage)
             ... on level 5 of the Dungeon.
             The game lasted 00:05:59 (4674 turns).

SquickWick the Trooper (Octopode Fighter)           Turns: 4674, Time: 00:06:00

Health: -1/52      AC:  1    Str: 15    XL:     7   Next: 92%
Magic:  7/7        EV: 13    Int: 13    God:
Gold:   177        SH:  5    Dex: 11    Spells: 6/6 levels left

rFire   . . .        r - +2 hand axe "Vorphigai" {holy, rElec rPois rCorr Stlth+}
rCold   . . .        b - +0 buckler
rNeg    + . .        (helmet restricted)
rPois   +            u - macabre finger necklace {Finger+ rN+}
rElec   +            (no ring)
rCorr   +            (no ring)
SInv    .            (no ring)
Will    .....        (no ring)
Stlth   ++++         (no ring)
HPRegen 0.28/turn    (no ring)
MPRegen 0.10/turn    (no ring)
                     (no ring)
                     (no ring)

%: no passive effects
@: no status effects
A: almost no armour, amphibious, 8 rings, camouflage 1, gelatinous body 1,
(nimble swimmer 1), tentacles
a: no special abilities


You were on level 5 of the Dungeon.
You visited 1 branch of the dungeon, and saw 5 of its levels.

You collected 177 gold pieces.


Innate Abilities, Weirdness & Mutations

You cannot wear most types of armour.
You are amphibious.
You can wear up to eight rings at the same time.
Your skin changes colour to match your surroundings (Stealth+).
Your rubbery body absorbs attacks. (AC +1, EV +1)
((You are camouflaged when in or above water. (Stealth+)))
You have tentacles for arms and can constrict up to eight enemies at once.


   Skills:
 - Level 6.0 Fighting
 - Level 3.0 Polearms
 - Level 3.0 Dodging
 + Level 2.0 Stealth
 - Level 5.0 Shields
 - Level 5.0 Evocations


You had 6 spell levels left.
You didn't know any spells.
Your spell library contained the following spells:

 Spells                   Type           Power      Damage    Failure   Level
 Slow                     Hex            0%         N/A       36%         1
 Confusing Touch          Hex            0%         N/A       75%         3
 Sigil of Binding         Hex            0%         N/A       75%         3
 Vampiric Draining        Necr           0%         2d6       75%         3

Inventory:

Hand Weapons
 a - a +0 trident
 r - the +2 hand axe "Vorphigai" (weapon) {holy, rElec rPois rCorr Stlth+}
   (You took it off an orc on level 4 of the Dungeon)

   rElec:     It insulates you from electricity.
   rPois:     It protects you from poison rCorr: It protects you from acid and
   corrosion.
   Stlth+:    It makes you more stealthy.
Missiles
 e - 13 poisoned darts (quivered)
Armour
 b - a +0 buckler (worn)
Jewellery
 u - the macabre finger necklace (around mantle) {Finger+ rN+}
   (You found it on level 5 of the Dungeon)

   [amulet of nothing]

   Finger+:   It enables you to equip an extra ring.
   rN+:       It protects you from negative energy.
Wands
 m - a wand of paralysis (12)
Scrolls
 d - 3 scrolls of teleportation {unknown}
 g - a scroll of noise {unknown}
 h - 4 scrolls of identify {unknown}
 j - 3 scrolls of immolation {unknown}
 n - a scroll of enchant weapon {unknown}
 p - 2 scrolls of vulnerability {unknown}
 s - a scroll of enchant armour {unknown}
 t - a scroll of poison {unknown}
Potions
 c - a potion of might
 f - 2 potions of brilliance {unknown}
 i - 2 potions of curing {unknown}
 k - 2 potions of invisibility {unknown}
 l - 2 potions of enlightenment {unknown}
 o - a potion of haste {unknown}
 q - a potion of ambrosia {unknown}

Dungeon Overview and Level Annotations

Branches:
Dungeon (5/15)
 Temple: D:4-7

Altars:
Cheibriados
Vehumet
Zin

Annotations:
D:2 1 runed translucent door, Crazy Yiuf
D:4 2 transporters, exclusion: statue, booth's ghost, amateur DsGl
D:5 Blork the orc

#...##)...>..# #....# ## '##
..#...)......####.#..##.#...
.###.........+....#..#..#.##
## ##........####...........
# ##.#.............##.##
####........#....†..#
#.#.....#...##..#
###.#c.........#
####@..###......
##.#..#.###.#.#.#
##.#.....#.......#.#
#........######### #
#.........# ...........#
..##.......# . #.......#
#.......#


You could see a centaur.


Message History

The centaur is lightly wounded.
You block the centaur's attack. The centaur kicks you.
The centaur hits you with a +0 hand axe!
* * * LOW HITPOINT WARNING * * *
The centaur closely misses you.
You closely miss the centaur. You squeeze the centaur!
The centaur is severely wounded.
The centaur hits you with a +0 hand axe!
* * * LOW HITPOINT WARNING * * *
The centaur kicks you but does no damage.
The centaur hits you with a +0 hand axe.
* * * LOW HITPOINT WARNING * * *
You block the centaur's attack.
You hit the centaur.
The centaur is almost dead.
You block the centaur's attack.
The centaur kicks you but does no damage.
The centaur barely misses you. The centaur closely misses you.
Unknown command.
You hit the centaur but do no damage.
The centaur is almost dead.
The centaur hits you with a +0 hand axe!
* * * LOW HITPOINT WARNING * * *
The centaur kicks you.
* * * LOW HITPOINT WARNING * * *
You block the centaur's attack. The centaur barely misses you.
You barely miss the centaur.
The centaur is almost dead.
The centaur hits you with a +0 hand axe!
You die...

Skill      XL: |  1  2  3  4  5  6  7 |
---------------+----------------------+-----
Fighting       | 4 5 6 |  6.0
Shields        | 4 5 |  5.0
Polearms       | 3 |  3.0
Evocations     | 3 5 |  5.0
Stealth        | 2 |  2.0
Dodging        | |  3.0

Action                     |  1- 3 |  4- 6 |  7- 9 || total
---------------------------+-------+-------+-------++-------
  Melee: Trident           |    91 |    46 |       ||   137
         Constrict         |    17 |    13 |    10 ||    40
         Punch             |     3 |       |     1 ||     4
         Tentacles         |    14 |    14 |    18 ||    46
         Hand axe          |       |    24 |    47 ||    71
  Throw: Dart              |     2 |       |     5 ||     7
   Stab: Sleeping          |    10 |     5 |       ||    15
 Armour: Skin              |    25 |    35 |    38 ||    98
  Dodge: Dodged            |    43 |    36 |    30 ||   109
  Block: Buckler           |    13 |    16 |    14 ||    43

Levels and vault maps discovered:
D:1:      ncdulo_lavacross, layout_basic,
          hellmonk_ecumenical_altar_watching_god, corexii_leaking_fountain
D:2:      layout_loops_corners, minmay_crystal_room, uniq_sigmund,
          uniq_crazy_yiuf_cottage
D:3:      layout_basic, mainiacjoe_overflow_six_doors_small, serial_rivers,
          chequers_serial_rivers_small_b, chequers_serial_rivers_micro_d,
          chequers_serial_rivers_large_a, chequers_serial_rivers_micro_d,
          chequers_serial_rivers_room_a, chequers_serial_rivers_large_b,
          kennysheep_flooded_box, kennysheep_big_empty_room,
          dreamdust_mushroom_princess
D:4:      layout_rooms, vehumet_statue, gammafunk_ghost_stat_death,
          due_unseen_surprise
D:5:      layout_basic, general_overflow_altar, dancing_weapons_uskayaw,
          minmay_temple_entry_glassed_door, st_stairs_8,
          nicolae_figureground_pulse, uniq_blork_the_orc

Notes
Turn   | Place    | Note
-------+----------+-------------------------------------------
     0 | D:1      | SquickWick the Octopode Fighter began the quest for the
                  | Orb.
     0 | D:1      | Reached XP level 1. HP: 16/16 MP: 1/1
   151 | D:1      | Reached XP level 2. HP: 20/21 MP: 2/2
   395 | D:1      | Reached skill level 4 in Fighting
   507 | D:1      | Reached XP level 3. HP: 27/27 MP: 3/3
   524 | D:1      | Noticed a great orb of eyes
   525 | D:1      | Found a faded altar of an unknown god.
   538 | D:1      | Noticed a golden eye
   544 | D:1      | Noticed a golden eye
   547 | D:1      | Noticed an eye of devastation
  1156 | D:2      | Found a runed translucent door.
  1156 | D:2      | Found the +8 whip "Snakebite" {venom, curare, rPois}
  1157 | D:2      | Noticed Crazy Yiuf
  1298 | D:2      | Noticed Sigmund
  1311 | D:2      | Killed Sigmund
  1312 | D:2      | Reached skill level 4 in Shields
  1312 | D:2      | Reached XP level 4. HP: 25/34 MP: 4/4
  1312 | D:2      | Reached XP level 5. HP: 28/38 MP: 5/5
  1828 | D:3      | Reached skill level 5 in Fighting
  1828 | D:3      | Reached skill level 5 in Shields
  1837 | D:3      | Found a glowing silver altar of Zin.
  2627 | D:3      | Reached XP level 6. HP: 31/45 MP: 6/6
  2697 | D:4      | Noticed a black bear
  2857 | D:4      | Found a transporter.
  2859 | D:4      | Identified the +2 hand axe "Vorphigai" {holy, rElec rPois
                  | rCorr Stlth+}
  2865 | D:4      | Reached skill level 3 in Polearms
  2865 | D:4      | Reached skill level 1 in Evocations
  2883 | D:4      | Noticed booth's ghost (amateur DsGl)
  2944 | D:4      | Found a radiant altar of Vehumet.
  2966 | D:4      | Reached skill level 2 in Evocations
  3201 | D:4      | Killed a black bear
  3202 | D:4      | Reached skill level 3 in Evocations
  3202 | D:4      | Reached XP level 7. HP: 10/50 MP: 7/7
  3423 | D:4      | Found a transporter.
  3584 | D:5      | Entered Level 5 of the Dungeon
  3589 | D:5      | Reached skill level 4 in Evocations
  3768 | D:5      | Found a snail-covered altar of Cheibriados.
  4111 | D:5      | Reached skill level 5 in Evocations
  4458 | D:5      | Found the macabre finger necklace {Finger+ rN+}
  4550 | D:5      | Noticed Blork the orc
  4581 | D:5      | Reached skill level 6 in Fighting
  4581 | D:5      | Reached skill level 2 in Stealth
  4674 | D:5      | Slain by a centaur

Vanquished Creatures
  Sigmund (D:2)
  A water moccasin (D:5)
  A black bear (D:4)
  An ogre (D:5)
  A kobold brigand (D:5)
  A bombardier beetle (D:4)
  3 hounds
  An orc priest (D:4)
  An iguana (D:5)
  A gnoll (D:4)
  2 adders
  3 dart slugs
  A ribbon worm (D:2)
  7 orcs
  3 ball pythons
  5 endoplasms
  5 giant cockroaches
  4 goblins
  5 hobgoblins
  2 jackals (D:1)
  4 quokkas
  8 bats
  8 frilled lizards
  12 kobolds
  4 rats
85 creatures vanquished.

Table legend: (Time is in decaauts)
 A = Elapsed time spent in this place.
 B = Non-inter-level travel time spent in this place.
 C = Inter-level travel time spent in this place.
 D = Time resting spent in this place.
 E = Time spent auto-exploring this place.
 F = Levels seen in this place.
 G = Mean time per level.
                   A        B        C        D        E       F      G
               +--------+--------+--------+--------+--------+-----+--------+
         Total |   4725 |   4538 |    187 |   1126 |   2755 |   5 |  945.0 |
       Dungeon |   4725 |   4538 |    187 |   1126 |   2755 |   5 |  945.0 |
               +--------+--------+--------+--------+--------+-----+--------+

Top non-repeatable levels by time:
     D:4: 1337 daAuts
     D:3: 1167 daAuts
     D:2: 976 daAuts
     D:1: 805 daAuts
     D:5: 438 daAuts

Table legend:
 A = Non-vault XP
 B = Vault XP
 C = Vault XP percentage of total XP
 D = Non-vault monster count
 E = Vault monster count
 F = Vault count percentage of total count
                 A         B        C        D         E       F
            +---------+---------+-------+---------+---------+-------
      Total |     800 |     357 |  30.9 |      82 |       3 |   3.5
            +---------+---------+-------+---------+---------+-------
        D:1 |      45 |       0 |   0.0 |      26 |       0 |   0.0
        D:2 |      33 |     226 |  87.3 |      14 |       1 |   6.7
        D:3 |      57 |       0 |   0.0 |       8 |       0 |   0.0
        D:4 |     317 |       0 |   0.0 |      23 |       0 |   0.0
        D:5 |     348 |     131 |  27.3 |      11 |       2 |  15.4
            +---------+---------+-------+---------+---------+-------
